 Dungeon Crawl Stone Soup version 0.23-a0-358-g98c7a59 (webtiles) character file.

80 BingusPrime the Poker (level 4, -3/34 HPs)
             Began as a Barachi Gladiator on Oct 22, 2018.
             Slain by an orc
             ... wielding a +0 flail
              (9 damage)
             ... on level 3 of the Dungeon.
             The game lasted 00:09:46 (2518 turns).

BingusPrime the Poker (Barachi Gladiator)           Turns: 2518, Time: 00:09:46

Health: -3/34      AC:  4    Str: 13 (16) XL:     4   Next: 39%
Magic:  4/4        EV: 13    Int:  5 (8)  God:
Gold:   92         SH:  0    Dex: 11 (14) Spells: 3/3 levels left

rFire    + . .     SeeInvis .   e - +0 spear (curse)
rCold    x . .     Gourm    .   (no shield)
rNeg     . . .     Faith    .   b - +0 leather armour
rPois    .         Spirit   .   r - +0 helmet
rElec    .         Reflect  .   (no cloak)
rCorr    .         Harm     .   (no gloves)
MR       .....                  (no boots)
Stlth    +.........             n - amulet of rage
HPRegen  0.11/turn              h - ring of fire
MPRegen  0.09/turn              (no ring)

@: can't hop, flying, very slightly contaminated, invisible, slow
A: +LOS, swims, slowness 1, strong legs 1
a: Hop, Evoke Berserk Rage


You were on level 3 of the Dungeon.
You were very hungry.

You visited 1 branch of the dungeon, and saw 3 of its levels.

You collected 92 gold pieces.

Inventory:

Hand Weapons
 a - a +0 trident
 e - a cursed +0 spear (weapon)
Missiles
 d - 2 throwing nets
 k - 5 stones (quivered)
Armour
 b - a +0 leather armour (worn)
 c - a +0 helmet
 r - a +0 helmet (worn)
Jewellery
 h - a ring of fire (left hand)
 n - an amulet of rage (around neck)
Potions
 i - 2 potions of flight
 l - a potion of heal wounds {unknown}
 m - a potion of curing {unknown}
 o - a potion of cancellation {unknown}
 p - 2 potions of ambrosia {unknown}
Comestibles
 f - 5 rations


   Skills:
 * Level 2.7 Fighting
 * Level 4.1 Polearms
 * Level 2.4 Throwing
 + Level 1.6 Armour
 + Level 3.6 Dodging


You had 3 spell levels left.
You didn't know any spells.
Your spell library was empty.

Dungeon Overview and Level Annotations

Branches:
Dungeon (3/15)

Altars:
Zin


Innate Abilities, Weirdness & Mutations

Shadows flee at your approach. (+LOS)
You can swim through water.
You cover ground slowly.
You can hop short distances.


Message History

The orc closely misses you.
The orc wizard hits you with a +0 dagger.
* * * LOW HITPOINT WARNING * * *
You hit the orc wizard.
The orc wizard is severely wounded.
The orc misses you.
The orc wizard hits you with a +0 dagger.
* * * LOW HITPOINT WARNING * * *
You closely miss the orc wizard.
The orc wizard is severely wounded.
You hit the orc wizard.
The orc wizard is severely wounded.
The orc wizard hits you but does no damage.
The orc closely misses you.
You hit the orc wizard.
The orc wizard is almost dead.
The orc wizard hits you with a +0 dagger.
* * * LOW HITPOINT WARNING * * *
The orc hits you with a +0 flail!
You die...

.#####.....###.#([##.#
.# #.....# # ##(##.#
.# ####### #.##.##.#
.# #.......# .#
####.#### .########
#o# ........# #g#
#######.# ######o# #.#
#...o@.# #.####.######
#......# ########


You could see an orc wizard, 2 orcs and a goblin.

Vanquished Creatures
  4 adders
  2 worms (D:3)
  A leopard gecko (D:2)
  2 orcs (D:3)
  A giant cockroach (D:2)
  6 goblins
  5 hobgoblins
  5 kobolds
  A quokka (D:2)
  8 bats
  A frilled lizard (D:1)
  2 rats
38 creatures vanquished.

Notes
Turn   | Place    | Note
-------+----------+-------------------------------------------
     0 | D:1      | BingusPrime the Barachi Gladiator began the quest for the
                  | Orb.
     0 | D:1      | Reached XP level 1. HP: 17/17 MP: 1/1
   565 | D:1      | Reached XP level 2. HP: 23/23 MP: 2/2
  1048 | D:2      | Reached skill level 1 in Armour
  1048 | D:2      | Reached XP level 3. HP: 28/28 MP: 3/3
  2036 | D:3      | Found a glowing silver altar of Zin.
  2167 | D:3      | Reached skill level 4 in Polearms
  2167 | D:3      | Reached XP level 4. HP: 34/34 MP: 4/4
  2518 | D:3      | Slain by an orc

Vault maps used:
D:1:      dpeg_arrival_houses_and_road
D:2:      grunt_decor_arrowhead, dk_noncrumbling_4, solitary_fountain
D:3:      nicolae_overflow_hidden_temple, lemuel_round_altar,
          chequers_serial_rivers_room_a, uniq_grinder

Skill      XL: |  1  2  3 |
---------------+----------+-----
Armour         | 1 |  1.6
Polearms       | 4 |  4.1
Fighting       | |  2.7
Throwing       | |  2.4
Dodging        | |  3.6

Action                   |  1- 3 |  4- 6 || total
-------------------------+-------+-------++-------
Melee: Trident           |   102 |       ||   102
       Spear             |     3 |    48 ||    51
Throw: Stone             |    17 |    21 ||    38
       Throwing net      |     1 |       ||     1
 Abil: Hop               |       |     1 ||     1
  Use: Scroll            |     4 |       ||     4
       Potion            |       |     3 ||     3
 Stab: Distracted        |     1 |       ||     1
       Sleeping          |     1 |       ||     1
  Eat: Chunk             |     4 |     1 ||     5
Armor: Leather armour    |    26 |     2 ||    28
Dodge: Dodged            |    71 |    36 ||   107

Table legend:
 A = Non-vault XP
 B = Vault XP
 C = Vault XP percentage of total XP
 D = Non-vault monster count
 E = Vault monster count
 F = Vault count percentage of total count
                 A         B        C        D         E       F
            +---------+---------+-------+---------+---------+-------
      Total |     115 |       0 |   0.0 |      38 |       0 |   0.0
            +---------+---------+-------+---------+---------+-------
        D:1 |      14 |       0 |   0.0 |      11 |       0 |   0.0
        D:2 |      51 |       0 |   0.0 |      16 |       0 |   0.0
        D:3 |      50 |       0 |   0.0 |      11 |       0 |   0.0
            +---------+---------+-------+---------+---------+-------
